 Dungeon Crawl Stone Soup version 0.32-a0-779-g362cfcae2a (webtiles) character file.

Game seed: 14463377672233369835

1367 BelalofOrCorn the Trooper (level 8, 0/60 HPs)
             Began as an Octopode Brigand on Mar 19, 2024.
             Was an Initiate of the Shining One.
             Slain by a sky beast (6 damage)
             ... on level 5 of the Dungeon.
             The game lasted 00:17:15 (6547 turns).

BelalofOrCorn the Trooper (Octopode Brigand)        Turns: 6547, Time: 00:17:16

Health: 0/60       AC:  1    Str: 10    XL:     8   Next: 65%
Magic:  8/8        EV: 16    Int: 13    God:    the Shining One [......]
Gold:   293        SH:  0    Dex: 16    Spells: 7/7 levels left

rFire   . . .        k - +2 dagger (elec)
rCold   . . .        (no shield)
rNeg    . . .        (helmet restricted)
rPois   .            (no amulet)
rElec   .            l - ring of see invisible
rCorr   .            (no ring)
SInv    +            (no ring)
Will    .....        (no ring)
Stlth   ++           (no ring)
HPRegen 0.30/turn    (no ring)
MPRegen 0.11/turn    (no ring)
                     (no ring)

%: no passive effects
@: glowing
A: almost no armour, amphibious, 8 rings, camouflage 1, gelatinous body 1,
(nimble swimmer 1), tentacles
a: Renounce Religion


You were on level 5 of the Dungeon.
You worshipped the Shining One.
The Shining One was noncommittal.
You visited 2 branches of the dungeon, and saw 6 of its levels.
You also visited: Sewer.

You collected 293 gold pieces.

Inventory:

Hand Weapons
 k - a +2 dagger of electrocution (weapon)
Missiles
 b - 6 poisoned darts (quivered)
 c - 4 curare-tipped darts
 j - 3 javelins
Jewellery
 l - a ring of see invisible (left tentacle)
Wands
 r - a wand of mindburst (13)
 v - a wand of roots (4)
Scrolls
 a - 2 scrolls of fog {unknown}
 d - 2 scrolls of silence {unknown}
 e - 8 scrolls of identify {unknown}
 h - a scroll of brand weapon {unknown}
 i - 2 scrolls of immolation {unknown}
 m - 4 scrolls of fear
 n - a scroll of blinking {unknown}
 p - 2 scrolls of enchant armour {unknown}
 q - 2 scrolls of amnesia {unknown}
 t - a scroll of noise {unknown}
Potions
 f - 2 potions of might {unknown}
 g - a potion of enlightenment {unknown}
 o - a potion of mutation {unknown}
 s - 2 potions of ambrosia {unknown}
 u - a potion of curing {unknown}


   Skills:
 + Level 7.4 Fighting
 - Level 2.0 Short Blades
 - Level 2.0 Throwing
 + Level 7.4 Dodging
 - Level 5.3 Stealth


You had 7 spell levels left.
You didn't know any spells.
Your spell library contained the following spells:

 Spells                   Type           Power      Damage    Failure   Level
 Freeze                   Ice            0%         1d3       30%         1
 Magic Dart               Conj           0%         1d3       30%         1
 Sandblast                Erth           0%         2d4       30%         1
 Blink                    Tloc           0%         N/A       43%         2
 Call Imp                 Summ           0%         N/A       43%         2
 Dazzling Flash           Conj/Hex       0%         N/A       67%         3
 Frozen Ramparts          Ice            0%         1d1       67%         3
 Hailstorm                Conj/Ice       0%         3d5       67%         3
 Stone Arrow              Conj/Erth      0%         3d7       67%         3
 Brom's Barrelling Bould  Conj/Erth      0%         2d3       97%         4
 Olgreb's Toxic Radiance  Alch           0%         N/A       97%         4
 Starburst                Conj/Fire      0%         6d3       100%        6
 Ozocubu's Refrigeration  Ice            0%         4d7       100%        7
 Discord                  Hex            0%         N/A       100%        8
 Maxwell's Capacitive Co  Air            0%         ∞         100%        8


Dungeon Overview and Level Annotations

Branches:
Dungeon (5/15)             Temple (1/1) D:5           Sewer (visited)

Altars:
Cheibriados
Dithmenos
Fedhas
Gozag
Hepliaklqana
Kikubaaqudgha
Makhleb
Nemelex Xobeh
Qazlal
Ru
Sif Muna
Trog
Uskayaw
Wu Jian
Xom
Yredelemnul
Zin
The Shining One


Innate Abilities, Weirdness & Mutations

You cannot wear most types of armour.
You are amphibious.
You can wear up to eight rings at the same time.
Your skin changes colour to match your surroundings (Stealth+).
Your rubbery body absorbs attacks. (AC +1, EV +1)
((You are camouflaged when in or above water. (Stealth+)))
You have tentacles for arms and can constrict up to eight enemies at once.


Message History

The hound closely misses you. The sky beast completely misses you.
You barely miss the sky beast. Your squeeze misses the sky beast.
The sky beast is heavily wounded.
You constrict the hound. The hound closely misses you.
You hit the sky beast. Your squeeze misses the sky beast.
The sky beast is severely wounded.
You constrict the hound. The hound barely misses you.
The sky beast closely misses you. The hound closely misses you.
You closely miss the sky beast.
The sky beast is severely wounded.
You constrict the hound.
You kill the hound!
The sky beast barely misses you.
You closely miss the sky beast. Your squeeze misses the sky beast.
The sky beast is severely wounded.
The sky beast hits you. The sky beast shocks you.
You closely miss the sky beast.
The sky beast is severely wounded.
The sky beast flickers out of sight for a moment.
The sky beast hits you. The sky beast shocks you.
* * * LOW HITPOINT WARNING * * *
You hit the sky beast but do no damage.
The sky beast is severely wounded.
The sky beast closely misses you.
You barely miss the sky beast. Your squeeze misses the sky beast.
The sky beast is severely wounded.
The sky beast hits you.
* * * LOW HITPOINT WARNING * * *
The sky beast shocks you.
* * * LOW HITPOINT WARNING * * *
Aiming: Fastroot
Press: ? - help, Shift-Dir - straight line, f/p - sky beast
Aim: a sky beast (severely wounded, slightly transparent)
The roots erupt in riotous growth!
Roots grab the sky beast.
The grasping roots constrict the sky beast.
The sky beast hits you.
* * * LOW HITPOINT WARNING * * *
The sky beast shocks you.
You die...

.....#....# #.....#...J.........
######...#####(.(..#....(........
#...##...##..#.....#....(........
#........'...#.....#....(........
#...##...#...'.....#...((........
#...##...#####.....#...((........
#...##...#......(..#...((........
#...##...#..[...Y...((..(........
##..##...#......@†.#(...(h.......
.#####...+.........#(............
.# ....#.........#.............
.# #.........#............. .#
#.........#............. .#####
#.........#............. <....#
#.........#............. .....#
#.........#............. .÷...#
#.........#l............


You could see a sky beast (invisible, rooted).

Vanquished Creatures
  A water moccasin (D:5)
  An ice beast (D:5)
  4 black bears
  3 kobold brigands (Sewer)
  A howler monkey (D:4)
  6 hounds
  Jessica (D:2)
  2 orc wizards
  Ijyb (D:4)
  2 iguanas
  3 gnolls (D:5)
  6 adders
  4 river rats (Sewer)
  4 dart slugs
  7 ribbon worms
  6 orcs
  8 ball pythons
  7 endoplasms
  7 giant cockroaches
  5 goblins
  2 hobgoblins (D:1)
  2 jackals (D:3)
  2 quokkas (D:1)
  A bat (D:2)
  11 frilled lizards
  7 kobolds
  10 rats
114 creatures vanquished.

Notes
Turn   | Place    | Note
-------+----------+-------------------------------------------
     0 | D:1      | BelalofOrCorn the Octopode Brigand began the quest for the
                  | Orb.
     0 | D:1      | Reached XP level 1. HP: 14/14 MP: 1/1
   130 | D:1      | Reached XP level 2. HP: 20/20 MP: 2/2
  1033 | D:2      | Reached XP level 3. HP: 26/26 MP: 3/3
  1051 | D:2      | Noticed Jessica
  1061 | D:2      | Killed Jessica
  1420 | D:2      | Reached XP level 4. HP: 32/33 MP: 4/4
  1504 | D:3      | Found a shimmering blue altar of Sif Muna.
  2076 | D:4      | Noticed a black bear
  2128 | D:4      | Noticed Ijyb
  2261 | D:4      | Reached skill level 5 in Fighting
  2261 | D:4      | Reached XP level 5. HP: 15/39 MP: 5/5
  2567 | D:4      | Found a glowing drain.
  2579 | Sewer    | Entered a sewer
  2634 | Sewer    | Noticed a kobold brigand
  2686 | Sewer    | Killed a kobold brigand
  2687 | Sewer    | Reached XP level 6. HP: 26/45 MP: 6/6
  3440 | Sewer    | Reached skill level 5 in Dodging
  3440 | Sewer    | Reached XP level 7. HP: 50/50 MP: 7/7
  3728 | D:4      | Killed Ijyb
  4615 | D:5      | Entered Level 5 of the Dungeon
  5058 | D:5      | Found a staircase to the Ecumenical Temple.
  5068 | Temple   | Entered the Ecumenical Temple
  5138 | Temple   | Became a worshipper of the Shining One
  5243 | D:5      | Reached XP level 8. HP: 57/57 MP: 8/8
  5261 | D:5      | Found an ornate altar of the Wu Jian Council.
  6547 | D:5      | Slain by a sky beast

Illustrated notes

Levels and vault maps discovered:
D:1:      minmay_arrival_loop, layout_basic, nicolae_titane
D:2:      layout_loops_corners, uniq_jessica
D:3:      layout_rooms, amcnicky_altar_gilded
D:4:      layout_gridville, portal_sewer_entry_e, chequers_decorated_corner,
          minmay_fountain_box, minmay_lizard_king, uniq_ijyb
D:5:      layout_gridville, minmay_temple_entry_offerings, minmay_ruined_shrine
Temple:   minmay_crystal_spiral_temple

Skill      XL: |  1  2  3  4  5  6  7  8 |
---------------+-------------------------+-----
Fighting       | 3 4 5 6 7 |  7.4
Dodging        | 2 3 5 6 7 |  7.4
Short Blades   | |  2.0
Throwing       | |  2.0
Stealth        | |  5.3

Action                     |  1- 3 |  4- 6 |  7- 9 || total
---------------------------+-------+-------+-------++-------
  Melee: Dagger            |    37 |    99 |    93 ||   229
         Constrict         |     7 |    29 |    18 ||    54
         Tentacles         |     2 |    19 |    14 ||    35
  Throw: Javelin           |       |     5 |     2 ||     7
         Dart              |       |     5 |    34 ||    39
  Evoke: Wand              |       |       |     6 ||     6
    Use: Scroll            |       |       |     1 ||     1
   Stab: Sleeping          |    12 |    11 |     5 ||    28
 Armour: Skin              |    14 |    32 |    50 ||    96
  Dodge: Dodged            |    14 |    36 |    76 ||   126

Table legend: (Time is in decaauts)
 A = Elapsed time spent in this place.
 B = Non-inter-level travel time spent in this place.
 C = Inter-level travel time spent in this place.
 D = Time resting spent in this place.
 E = Time spent auto-exploring this place.
 F = Levels seen in this place.
 G = Mean time per level.
                   A        B        C        D        E       F      G
               +--------+--------+--------+--------+--------+-----+--------+
         Total |   6522 |   6137 |    385 |   1782 |   2998 |   7 |  931.7 |
       Dungeon |   5494 |   5247 |    247 |   1671 |   2570 |   5 | 1098.8 |
        Temple |    140 |      2 |    138 |      0 |      0 |   1 |  140.0 |
         Sewer |    886 |    886 |      0 |    111 |    428 |   1 |  886.0 |
               +--------+--------+--------+--------+--------+-----+--------+

Top non-repeatable levels by time:
     D:4: 2461 daAuts
     D:5: 891 daAuts
   Sewer: 886 daAuts
     D:2: 836 daAuts
     D:1: 661 daAuts
     D:3: 644 daAuts
  Temple: 140 daAuts
